AoeStats
← tonixalo

Golden Pit

510042921Analyzed
1v1 RM · 2d ago on Sep 29, 2026· 19m 49s· 2 players
Game mode
Random Map
Map size
Tiny (2 player)
Population
200
Speed
Normal
Resources
Standard
Victory
Conquest
Starting age
Dark Age
Ending age
Imperial Age
RankedLock teamsTeams togetherTeam positionsShared explorationLock speedFull tech treeHidden civsTurbo modeCheats
Victory
Defeat
🇨🇳 Wei · China
1383
+13
🇪🇸 Vietnamese · Spain
1325
-13
人生😈百态
6:08 Loom
9:01 Feudal Age
9:06 Man-at-Arms
9:34 Double-Bit Axe
16:04 Fletching
16:59 Padded Archer Armor
tonixalo
7:50 Loom
10:01 Feudal Age
11:35 Padded Archer Armor
13:23 Fletching
Connection lost

Rejoining the realm…

Still unreachable

The connection could not be restored.

Session expired

The server has moved on; the page needs a fresh start.